 Dungeon Crawl Stone Soup version 0.23-a0-767-gdc19b93d68 (webtiles) character file.

55 Fliddo the Digger (level 3, 0/19 HPs)
             Began as a Gargoyle Earth Elementalist on Jan 26, 2019.
             Slain by an adder (2 damage)
             ... on level 2 of the Dungeon.
             The game lasted 00:05:37 (1216 turns).

Fliddo the Digger (Gargoyle Earth Elementalist)     Turns: 1216, Time: 00:05:38

Health: 0/19       AC:  9    Str: 11    XL:     3   Next: 93%
Magic:  6/6        EV: 10    Int: 16    God:
Gold:   25         SH:  0    Dex: 10    Spells: 5/6 levels left

rFire    . . .     SeeInvis .   e - +0 short sword
rCold    . . .     Gourm    .   (no shield)
rNeg     + . .     Faith    .   i - +0 ring mail (curse)
rPois    ∞         Spirit   .   l - +0 helmet
rElec    +         Reflect  .   (no cloak)
rCorr    .         Harm     .   (no gloves)
MR       .....                  (no boots)
Stlth    +.........             (no amulet)
HPRegen  0.06/turn              (no ring)
MPRegen  0.10/turn              (no ring)

@: no status effects
A: negative energy resistance 1, electricity resistance, unbreathing,
petrification resistance, rot immunity, AC +3
a: no special abilities


You were on level 2 of the Dungeon.
You were hungry.

You visited 1 branch of the dungeon, and saw 2 of its levels.

You collected 25 gold pieces.

Inventory:

Hand Weapons
 e - a +0 short sword (weapon)
Armour
 c - a +0 robe
 i - a cursed +0 ring mail (worn)
 l - a +0 helmet (worn)
Scrolls
 f - a scroll of immolation {unknown}
 k - 2 scrolls of enchant armour {unknown}
Potions
 a - a potion of heal wounds {unknown}
 b - a potion of mutation {unknown}
 g - a potion of resistance {unknown}
 j - a potion of curing {unknown}
Comestibles
 d - 4 rations
 h - a chunk of flesh


   Skills:
 - Level 1.5 Dodging
 - Level 2.1 Stealth
 - Level 2.0 Spellcasting
   Level 0.7 Transmutations
 + Level 5.7 Earth Magic


You had 5 spell levels left.
You knew the following spells:

 Your Spells              Type           Power        Failure   Level  Hunger
a - Sandblast             Erth           ###...       4%          1    #......

Your spell library contained the following spells:

 Spells                   Type           Power        Failure   Level  Hunger
 Passwall                 Tmut/Erth      ##......     21%         2    ###....
 Stone Arrow              Conj/Erth      ##....       43%         3    ###....
 Petrify                  Tmut/Erth      ##......     80%         4    #####..
 Lee's Rapid Deconstruct  Erth           ###.......   80%         5    ######.


Dungeon Overview and Level Annotations

Branches:
Dungeon (2/15)

Altars:


Innate Abilities, Weirdness & Mutations

You are resistant to torment.
Your stone body is resilient. (AC +3)
You are immune to poison.
You resist negative energy. (rN+)
You are resistant to electric shocks. (rElec)
You can survive without breathing.
You are immune to petrification.
You are immune to rotting.


Message History

You closely miss the adder.
The adder is heavily wounded.
The adder bites you.
You closely miss the adder.
The adder is heavily wounded.
The adder bites you but does no damage. The adder bites you.
You completely miss the adder.
The adder is heavily wounded.
The adder barely misses you.
You closely miss the adder.
The adder is heavily wounded.
The adder bites you but does no damage.
You barely miss the adder.
The adder is heavily wounded.
The adder barely misses you. The adder bites you.
* * * LOW HITPOINT WARNING * * *
You hit the adder.
The adder is almost dead.
The adder bites you.
You die...

##.# #.##.###.# ##.#
#.##.###.# ...# #.##.#...#
#### #.##.....# .##
#.####...# ..## #.#####..#
.# ...# #.##.##..#
#####.###
....##........#####........
....+.......<...@SS......S.
....####...#.######.##%....
...## #.#...# #.# #.. ..##
#...### #.# .## ##.## #..
### #. ### ..# #. #.# #.
#.#


You could see 2 adders.

Vanquished Creatures
  A worker ant (D:2)
  A dart slug (D:1)
  A leopard gecko (D:1)
  A ball python (D:1)
  3 bats
  A giant cockroach (D:1)
  2 goblins
  5 hobgoblins
  2 frilled lizards (D:1)
  5 kobolds
  6 rats
28 creatures vanquished.

Notes
Turn   | Place    | Note
-------+----------+-------------------------------------------
     0 | D:1      | Fliddo the Gargoyle Earth Elementalist began the quest for
                  | the Orb.
     0 | D:1      | Reached XP level 1. HP: 10/10 MP: 3/3
   131 | D:1      | Reached skill level 4 in Earth Magic
   147 | D:1      | Reached XP level 2. HP: 15/15 MP: 0/5
   647 | D:1      | Reached skill level 5 in Earth Magic
   647 | D:1      | Reached XP level 3. HP: 17/19 MP: 2/6
  1216 | D:2      | Slain by an adder

Vault maps used:
D:1:      lemuel_arrival_rhombus, serial_forest, infiniplex_forest_fountain,
          infiniplex_forest_end_2, infiniplex_forest_lined_room_2,
          infiniplex_forest_straight_1, infiniplex_forest_straight_2,
          infiniplex_forest_end_1, infiniplex_forest_lined_corner,
          infiniplex_forest_end_1, infiniplex_forest_lined_room_3,
          infiniplex_forest_zigzag_2
D:2:      kiku_gazebo_pond_becter

Skill      XL: |  1  2 |
---------------+-------+-----
Earth Magic    | 4 5 |  5.7
Dodging        | |  1.5
Stealth        | |  2.1
Spellcasting   | |  2.0
Transmutations | |  0.7

Action                   || total
-------------------------++-------
Melee: Short sword       ||    40
 Cast: Sandblast         ||    33
  Eat: Chunk             ||     1
Armor: Ring mail         ||    15
Dodge: Dodged            ||    27

Table legend:
 A = Non-vault XP
 B = Vault XP
 C = Vault XP percentage of total XP
 D = Non-vault monster count
 E = Vault monster count
 F = Vault count percentage of total count
                 A         B        C        D         E       F
            +---------+---------+-------+---------+---------+-------
      Total |      79 |       0 |   0.0 |      28 |       0 |   0.0
            +---------+---------+-------+---------+---------+-------
        D:1 |      35 |       0 |   0.0 |      21 |       0 |   0.0
        D:2 |      44 |       0 |   0.0 |       7 |       0 |   0.0
            +---------+---------+-------+---------+---------+-------
